 Dungeon Crawl Stone Soup version 0.27-a0-637-g3a9f0a9c12 (webtiles) character file.

Game seed: 15025013262430351190

6636 ReteAZ the Frost Mage (level 10, -2/81 HPs)
             Began as a Demigod Ice Elementalist on Mar 14, 2021.
             Slain by a two-headed ogre
             ... wielding a +0 giant club
              (26 damage)
             ... on level 9 of the Dungeon.
             The game lasted 00:20:20 (10794 turns).

ReteAZ the Frost Mage (Demigod Ice Elementalist)   Turns: 10794, Time: 00:20:20

Health: -2/81      AC:  9    Str: 13    XL:     10   Next: 44%
Magic:  24/24      EV: 14    Int: 25    God:
Gold:   284        SH:  0    Dex: 14    Spells: 16/23 levels left

rFire    . . .     SeeInvis +   C - +6 quarterstaff of Fedhas's Anger {venom, Fragile rPois Stlth+}
rCold    . . .     Faith    .   (shield currently unavailable)
rNeg     . . .     Spirit   .   s - +0 robe {Will+}
rPois    +         Reflect  .   D - +0 helmet
rElec    .         Harm     .   r - +0 cloak
rCorr    .         Rampage  .   G - +0 pair of gloves {Stlth+}
Will     ++...                  (no boots)
Stlth    ++++......             (no amulet)
HPRegen  0.23/turn              q - ring of see invisible
MPRegen  0.19/turn              t - +4 ring of protection

@: no status effects
A: high mp 1, forlorn
a: no special abilities


You were on level 9 of the Dungeon.
You visited 2 branches of the dungeon, and saw 10 of its levels.

You collected 500 gold pieces.
You spent 216 gold pieces at shops.

Inventory:

Hand Weapons
 d - a +0 short sword
 j - a +0 long sword
 w - a +2 dagger of electrocution
 C - the +6 quarterstaff of Fedhas's Anger (weapon) {venom, Fragile rPois Stlth+}
   (You bought it in a shop on level 6 of the Dungeon)

   It poisons the flesh of those it strikes.
   It protects you from poison.
   It will be destroyed if unequipped.
   It makes you more stealthy.
 J - a +4 scimitar of flaming
Missiles
 v - 3 boomerangs of dispersal
 z - 33 poisoned darts
 M - 2 throwing nets
Armour
 r - a +0 cloak (worn)
 s - a +0 robe of willpower (worn)
 x - a +2 scale mail of fire resistance
 D - a +0 helmet (worn)
 F - a +0 buckler
 G - a +0 pair of gloves of stealth (worn)
Jewellery
 q - a ring of see invisible (right hand)
 t - a +4 ring of protection (left hand)
 E - a ring of positive energy
Wands
 a - a wand of acid (6)
 y - a wand of flame (20)
 I - a wand of paralysis (6)
Scrolls
 b - 3 scrolls of teleportation {unknown}
 c - 5 scrolls of identify
 g - 2 scrolls of fog {unknown}
 i - 3 scrolls of blinking {unknown}
 k - 2 scrolls of fear {unknown}
 l - 3 scrolls of enchant armour {unknown}
 o - 2 scrolls of immolation {unknown}
 u - a scroll of vulnerability {unknown}
 A - a scroll of magic mapping {unknown}
 H - a scroll of amnesia {unknown}
 L - a scroll of enchant weapon {unknown}
Potions
 e - a potion of resistance {unknown}
 f - 4 potions of flight
 h - 3 potions of curing
 m - a potion of haste {unknown}
 n - 2 potions of might {unknown}
 p - a potion of brilliance {unknown}
 B - a potion of mutation {unknown}
 K - a potion of heal wounds


   Skills:
 + Level 5.2 Fighting
 + Level 5.6 Dodging
 - Level 1.7 Stealth
 + Level 7.0 Spellcasting
 * Level 11.1 Ice Magic


You had 16 spell levels left.
You knew the following spells:

 Your Spells              Type           Power      Damage    Failure   Level
a - Freeze                Ice            100%       1d11      1%          1
b - Frozen Ramparts       Ice            100%       1d12      1%          3
c - Ozocubu's Armour      Ice            59%        N/A       1%          3

Your spell library contained the following spells:

 Spells                   Type           Power      Damage    Failure   Level
 Animate Skeleton         Necr           16%        N/A       7%          1
 Apportation              Tloc           16%        N/A       7%          1
 Corona                   Hex            8%         N/A       7%          1
 Magic Dart               Conj           32%        1d4       7%          1
 Summon Small Mammal      Summ           32%        N/A       7%          1
 Hailstorm                Conj/Ice       36%        3d9       7%          4
 Summon Ice Beast         Ice/Summ       36%        N/A       7%          4
 Searing Ray              Conj           16%        3d3       10%         2
 Dazzling Flash           Conj/Hex       16%        N/A       21%         3
 Fulminant Prism          Conj/Hex       4%         3d6       54%         4
 Iskenderun's Mystic Bla  Conj/Tloc      8%         2d4       54%         4


Dungeon Overview and Level Annotations

Branches:
Dungeon (9/15)             Temple (1/1) D:5            Lair (0/6) D:8
    Orc (0/2) D:9

Shops:
D:6 (

Annotations:
D:8 3 runed translucent doors, highc0's ghost, novice HaWr


Innate Abilities, Weirdness & Mutations

Your attributes grow dramatically as you level up.
You have an increased reservoir of magic. (+10% MP)
You shall have no god before yourself.


Message History

You thump the orc!
You kill the orc!
You thump the orc!
You kill the orc!
Things that are here:
a +0 flail; a +0 falchion; an orc corpse You sock the orc!
You kill the orc!
The orc hits you with a +0 club.
Things that are here:
a +0 mace; an orc corpse You hit the orc but do no damage.
The orc is poisoned.
The orc hits you but does no damage.
You hit the orc.
The orc looks as sick as possible!
The orc is almost dead.
You kill the orc!
Things that are here:
a +0 club; a +0 ring mail; an orc corpse
There is a shimmering blue altar of Sif Muna here.
Found 24 arrows.
A two-headed ogre comes into view. It is wielding two +0 giant clubs.
Found an escape hatch in the floor.
A two-headed ogre is nearby!
Okay, then.
Unknown command.
Unknown command.
A hound comes into view.
The helpless two-headed ogre fails to defend itself.
You hit the two-headed ogre.
The two-headed ogre is poisoned.
The two-headed ogre is lightly wounded.
The two-headed ogre hits you with a +0 giant club!!
The two-headed ogre hits you with a +0 giant club!
The hound barks!
You hit the two-headed ogre.
The two-headed ogre looks as sick as possible!
The two-headed ogre is lightly wounded.
The two-headed ogre hits you with a +0 giant club!!
* * * LOW HITPOINT WARNING * * *
The two-headed ogre hits you with a +0 giant club!!
You die...

########## #........#
#.......h# #........# #
#........#
############........#
....................#
############....@...#
#..(..O..# #######.##
#.. .# ###.######
#.......#
#.......######
#............##########
#.......####...........


You could see a two-headed ogre (extremely poisoned) and a hound.

Vanquished Creatures
  Erica (D:8)
  A centaur zombie (D:7)
  2 trolls (D:9)
  A hornet (D:9)
  Sigmund (D:6)
  2 wargs (D:8)
  A water moccasin (D:9)
  4 ice beasts
  2 orc warriors (D:8)
  3 sky beasts
  2 necrophages (D:7)
  3 ogres
  3 centaurs (D:6)
  5 phantoms
  3 bullfrogs
  A kobold brigand (D:5)
  An elf zombie (D:7)
  5 scorpions
  2 troll zombies
  3 killer bees (D:7)
  4 wights (D:7)
  2 howler monkeys
  4 hounds
  2 jellies
  2 human zombies (D:7)
  8 orc priests
  2 bullfrog skeletons
  A human skeleton (D:7)
  4 iguanas
  15 orc wizards
  5 worker ants
  A killer bee zombie (D:8)
  7 ogre zombies (D:9)
  A hound skeleton (D:7)
  4 mummies (D:7)
  2 worker ant zombies
  14 adders
  3 white imps
  An ufetubus (D:8)
  An adder skeleton (D:9)
  An adder zombie (D:5)
  3 worms
  A dart slug (D:2)
  2 leopard geckos (D:2)
  32 orcs
  4 bats
  6 giant cockroaches
  5 hobgoblins
  6 jackals
  6 quokkas
  A ball python (D:3)
  4 frilled lizards (D:2)
  5 goblins
  4 goblin skeletons (D:9)
  2 goblin zombies (D:9)
  A hobgoblin skeleton (D:9)
  3 hobgoblin zombies (D:9)
  10 kobolds
  A leopard gecko skeleton (D:4)
  4 orc skeletons (D:9)
  12 orc zombies
  A quokka skeleton (D:7)
  A quokka zombie (D:5)
  8 rats
252 creatures vanquished.

Vanquished Creatures (others)
  2 plants (D:8)
2 creatures vanquished.

Grand Total: 254 creatures vanquished

Notes
Turn   | Place    | Note
-------+----------+-------------------------------------------
     0 | D:1      | ReteAZ the Demigod Ice Elementalist began the quest for the
                  | Orb.
     0 | D:1      | Reached XP level 1. HP: 14/14 MP: 5/5
   371 | D:1      | Reached skill level 4 in Ice Magic
   371 | D:1      | Reached XP level 2. HP: 20/20 MP: 4/7
   717 | D:2      | Reached XP level 3. HP: 26/26 MP: 3/9
  1059 | D:2      | Learned a level 3 spell: Frozen Ramparts
  1154 | D:2      | Reached XP level 4. HP: 30/33 MP: 1/10
  1661 | D:3      | Reached skill level 5 in Ice Magic
  2398 | D:4      | Reached XP level 5. HP: 19/38 MP: 9/12
  3496 | D:5      | Entered Level 5 of the Dungeon
  3555 | D:5      | Reached skill level 6 in Ice Magic
  3666 | D:5      | Reached XP level 6. HP: 42/45 MP: 9/14
  3915 | D:5      | Found a staircase to the Ecumenical Temple.
  3930 | Temple   | Entered the Ecumenical Temple
  4379 | D:5      | Reached skill level 7 in Ice Magic
  4379 | D:5      | Reached XP level 7. HP: 49/50 MP: 12/16
  4393 | D:5      | Learned a level 3 spell: Ozocubu's Armour
  5638 | D:6      | Noticed Sigmund
  5647 | D:6      | Killed Sigmund
  5648 | D:6      | Reached skill level 8 in Ice Magic
  5779 | D:6      | Found Noaluvvo's Antique Weapon Boutique.
  5782 | D:6      | Bought an ancient quarterstaff for 216 gold pieces
  5782 | D:6      | Identified the +6 quarterstaff of Fedhas's Anger {venom,
                  | Fragile rPois Stlth+} (You bought it in a shop on level 6
                  | of the Dungeon)
  5923 | D:6      | Reached XP level 8. HP: 52/58 MP: 15/19
  5924 | D:6      | Reached skill level 5 in Spellcasting
  5927 | D:6      | Reached skill level 1 in Fighting
  6090 | D:6      | Found the +15 Maxwell's patent armour {-Cast -Tele rElec
                  | Will+ rCorr}
  6815 | D:7      | Reached skill level 9 in Ice Magic
  7697 | D:7      | Reached XP level 9. HP: 63/68 MP: 19/21
  8489 | D:8      | Reached skill level 10 in Ice Magic
  8869 | D:8      | Found a runed translucent gate.
  8869 | D:8      | Found a runed translucent gate.
  8869 | D:8      | Found a runed translucent gate.
  8889 | D:8      | Noticed Erica
  8999 | D:8      | Found a staircase to the Lair.
  9202 | D:8      | Killed Erica
  9203 | D:8      | Reached skill level 5 in Dodging
  9203 | D:8      | Reached XP level 10. HP: 49/80 MP: 19/23
  9448 | D:8      | Noticed highc0's ghost (novice HaWr)
  9733 | D:9      | Found a staircase to the Orcish Mines.
 10149 | D:9      | Reached skill level 5 in Fighting
 10591 | D:9      | Reached skill level 11 in Ice Magic
 10786 | D:9      | Noticed a two-headed ogre
 10794 | D:9      | Slain by a two-headed ogre

Illustrated notes

Levels and vault maps discovered:
D:1:      dpeg_arrival_triangle_fractal, layout_rooms, grunt_decor_one_mirror,
          minmay_heptomino_h4
D:2:      layout_basic
D:3:      layout_rooms
D:4:      layout_cave_pods, lemuel_round_altar, nicolae_overflow_hidden_temple,
          general_overflow_altar, bloody_trog
D:5:      layout_gridville, lemuel_crystal_altar, minmay_temple_entry_mini_moons
D:6:      layout_basic, serial_shops, nicolae_shop_window_shopping,
          grunt_potential, uniq_sigmund
D:7:      layout_rooms, marbit_many_paths, lemuel_mausoleum_altar_kikubaaqudgha,
          xom_teletrap_fun
D:8:      layout_cave_pools, okawaru_gym_becter, kennysheep_mini,
          erik_lair_orcish_takeover, gammafunk_ghost_spectres,
          grunt_ministairs_9, uniq_erica
D:9:      layout_roguey, lemuel_crystal_altar, overflow_temple_1_default,
          zombieorc2_lemuel, kennysheep_generic_room_9
Temple:   corrupted_temple

Skill      XL: |  1  2  3  4  5  6  7  8  9 10 |
---------------+-------------------------------+-----
Spellcasting   | 2 3 4 5 6 7 |  7.0
Ice Magic      | 4 5 6 7 8 9 10 11 | 11.1
Dodging        | 3 5 |  5.6
Fighting       | 2 4 5 |  5.2
Stealth        | |  1.7

Action                   |  1- 3 |  4- 6 |  7- 9 | 10-12 || total
-------------------------+-------+-------+-------+-------++-------
Melee: Unarmed           |     1 |       |       |       ||     1
       Short sword       |     3 |       |       |       ||     3
       Long sword        |     1 |    47 |    16 |       ||    64
       Dagger            |       |       |    38 |       ||    38
       Quarterstaff      |       |       |   234 |   150 ||   384
 Cast: Freeze            |    59 |    73 |    41 |       ||   173
       Frozen Ramparts   |       |     5 |    24 |    10 ||    39
       Ozocubu's Armour  |       |       |    13 |     6 ||    19
  Use: Potion            |       |       |     4 |       ||     4
       Scroll            |       |       |     1 |       ||     1
 Stab: Sleeping          |       |       |     7 |     3 ||    10
       Distracted        |       |       |     1 |       ||     1
Armor: Robe              |     2 |    21 |   120 |    49 ||   192
       Ring mail         |     9 |    18 |       |       ||    27
Dodge: Dodged            |    26 |    65 |   188 |    98 ||   377
       Rpst.: Long sword |       |    17 |     5 |       ||    22

Table legend: (Time is in decaauts)
 A = Elapsed time spent in this place.
 B = Non-inter-level travel time spent in this place.
 C = Inter-level travel time spent in this place.
 D = Time resting spent in this place.
 E = Time spent auto-exploring this place.
 F = Levels seen in this place.
 G = Mean time per level.
                   A        B        C        D        E       F      G
               +--------+--------+--------+--------+--------+-----+--------+
         Total |  10932 |  10703 |    229 |   1618 |   7101 |  10 | 1093.2 |
       Dungeon |  10642 |  10428 |    214 |   1405 |   7101 |   9 | 1182.4 |
        Temple |    289 |    274 |     15 |    213 |      0 |   1 |  289.0 |
               +--------+--------+--------+--------+--------+-----+--------+

Top non-repeatable levels by time:
     D:5: 1695 daAuts
     D:7: 1563 daAuts
     D:4: 1456 daAuts
     D:8: 1380 daAuts
     D:9: 1273 daAuts
     D:6: 1229 daAuts
     D:2: 824 daAuts
     D:1: 662 daAuts
     D:3: 556 daAuts
  Temple: 289 daAuts
